 Dungeon Crawl Stone Soup version 0.27.1-4-g1640c2035a (webtiles) character file.

Game seed: 16314516767787356870

7 priebus the Magician (level 2, 19/21 HPs)
             Began as a Djinni Fire Elementalist on Oct 20, 2021.
             Quit the game on level 1 of the Dungeon on Nov 12, 2021.
             The game lasted 00:01:51 (339 turns).

priebus the Magician (Djinni Fire Elementalist)      Turns: 339, Time: 00:01:52

Health: 19/21      AC:  2    Str:  7    XL:     2   Next: 5%
Gold:   8          EV: 12    Int: 16    God:
                   SH:  0    Dex: 13

rFire    + + .     SeeInvis .   (no weapon)
rCold    x . .     Faith    .   (no shield)
rNeg     . . .     Spirit   .   a - +0 robe
rPois    ∞         Reflect  .   (no helmet)
rElec    .         Harm     .   (no cloak)
rCorr    .         Rampage  .   (no gloves)
Will     .....                  (boots unavailable)
Stlth    ++........             (no amulet)
HPRegen  0.07/turn              (no ring)
MPRegen  0.00/turn              (no ring)

@: flying
A: sickness immunity, fire resistance 2, cold vulnerability 1, float, innate
caster, hp casting, extra vitality 1
a: no special abilities


You were on level 1 of the Dungeon.
You visited 1 branch of the dungeon, and saw 1 of its levels.

You collected 8 gold pieces.

Inventory:

Armour
 a - a +0 robe (worn)


   Skills:
 - Level 2.1 Dodging
 - Level 1.5 Stealth
 + Level 2.8 Spellcasting


You couldn't memorise any spells.
You knew the following spells:

 Your Spells              Type           Power      Damage    Failure   Level
a - Foxfire               Conj/Fire      44%        2x1d6     6%          1
b - Conjure Flame         Conj/Fire      11%        6-21      19%         3
c - Inner Flame           Hex/Fire       11%        N/A       19%         3
d - Sticky Flame          Conj/Fire      11%        2d3       52%         4
e - Fireball              Conj/Fire      5%         3d5       86%         5
Your spell library was empty.

Dungeon Overview and Level Annotations

Branches:
Dungeon (1/15)

Altars:


Innate Abilities, Weirdness & Mutations

You are immune to sickness and miasma.
You are immune to poison.
Your flesh is very heat resistant. (rF++)
You are vulnerable to cold. (rC-)
You float through the air rather than walking.
You learn spells naturally, not from books.
Your magical power is your life essence.
You have superior vitality. (+4 HP)


Message History

The foxfire hits the frilled lizard.
You kill the frilled lizard!
Found 8 gold pieces.
Save game and exit?
Welcome back, priebus the Djinni Fire Elementalist.
Press ? for a list of commands and other information.
Are you sure you want to abandon this character and quit the game? (Confirm with "yes".)
Okay, then.
You now have 8 gold pieces.
An endoplasm comes into view.
An endoplasm is nearby!
Cast which spell? (? or * to list)
You conjure some foxfire!
Casting: Foxfire (safe; 7% risk of failure)
Confirm with . or Enter, or press ? or * to list all spells.
You conjure some foxfire!
The endoplasm quivers.
The foxfire hits the endoplasm.
The endoplasm is almost dead.
Casting: Foxfire (safe; 7% risk of failure)
Confirm with . or Enter, or press ? or * to list all spells.
You conjure some foxfire!
The foxfire hits the endoplasm.
You kill the endoplasm!
Your foxfire dissipates! x2
HP restored.
Found a stone staircase leading down.
There is a stone staircase leading down here.
A quokka comes into view.
A quokka is nearby!
Casting: Foxfire (safe; 6% risk of failure)
Confirm with . or Enter, or press ? or * to list all spells.
You conjure some foxfire!
Casting: Foxfire (safe; 6% risk of failure)
Confirm with . or Enter, or press ? or * to list all spells.
You conjure some foxfire!
Your foxfire dissipates!
The foxfire hits the quokka.
You kill the quokka!
You have reached level 2!
Are you sure you want to abandon this character and quit the game? (Confirm with "yes".)

#
#..#######.#.#
#
#.....#....#.#
#
#.###.#.####.#
# #.# #.#..#
#.# # #.#
#.>..# #.# #
#.# ####.# #.#
# #. #.# #.# #
#. #§###.#
#.######§§§.@#
#.......v....#
############§#
#§# v## . #.
##


There were no monsters in sight!

Vanquished Creatures
  2 bats (D:1)
  An endoplasm (D:1)
  A hobgoblin (D:1)
  A quokka (D:1)
  A frilled lizard (D:1)
6 creatures vanquished.

Vanquished Creatures (others)
  14 foxfires (D:1)
14 creatures vanquished.

Grand Total: 20 creatures vanquished

Notes
Turn   | Place    | Note
-------+----------+-------------------------------------------
     0 | D:1      | priebus the Djinni Fire Elementalist began the quest for
                  | the Orb.
     0 | D:1      | Reached XP level 1. HP: 15/15 MP: 0/0
   221 | D:1      | Upgraded the game from 0.27.1-3-gb3d3a73c9e to
                  | 0.27.1-4-g1640c2035a
   339 | D:1      | Reached XP level 2. HP: 19/21 MP: 0/0
   339 | D:1      | Quit the game

Illustrated notes

Levels and vault maps discovered:
D:1:      minmay_arrival_checkered_box, layout_loops_ring,
          shapermc_ecumenical_altar_hornbeckon, minmay_lizard_pond

Action                   || total
-------------------------++-------
Melee: Unarmed           ||     5
 Cast: Foxfire           ||    13
Armor: Robe              ||     3
Dodge: Dodged            ||     1
